[Event "Titled Tuesday Blitz March 08 Early 2022"]
[White "Farahat, Ali"]
[Black "Antonio, Jorge Carlos"]
[WhiteFideId "10600507"]
[BlackFideId "113190"]
[WhiteElo "2321"]
[BlackElo "2247"]
[Result "1-0"]
[Round "01"]
[TimeControl "180+1"]
[Date "2022.03.09"]
[WhiteClock "0:00:27"]
[BlackClock "0:00:52"]

1. e4 c5 2. Nf3 e6 3. Nc3 Nc6 4. g3 g6 5. d4 cxd4 6. Nxd4 Bg7 7. Ndb5 Kf8 8. Bf4 d5 9. exd5 exd5 10. Qxd5 Qxd5 11. Nxd5 Bxb2 12. Rb1 Be5 13. Bxe5 Nxe5 14. Bg2 Bg4 15. O-O Nf3+ 16. Bxf3 Bxf3 17. c4 h5 18. Nbc7 Rc8 19. h3 b6 20. Rfe1 Bxd5 21. Nxd5 Rxc4 22. Rbd1 Kg7 23. Re8 Nh6 24. Re7 Ra4 25. Nf4 Nf5 26. Rb7 h4 27. Rdd7 hxg3 28. Rxf7+ Kh6 29. fxg3 Nxg3 30. Kg2 Nf5 31. Nd3 Rxa2+ 32. Kf3 Rc8 33. Ne5 Ra3+ 34. Ke4 Ra4+ 35. Kd5 Rc5+ 36. Ke6 Re4 37. Kf6 Rb5 38. Rh7# 1-0


[Site "https://www.chess.com"]

[Event "Titled Tuesday Blitz March 08 Early 2022"]
[White "Fathy, Elameir"]
[Black "Csonka, Balazs"]
[WhiteFideId "10600396"]
[BlackFideId "742910"]
[WhiteElo "2311"]
[BlackElo "2404"]
[Result "0-1"]
[Round "01"]
[TimeControl "180+1"]
[Date "2022.03.09"]
[WhiteClock "0:00:05"]
[BlackClock "0:00:03"]

1. d4 Nf6 2. c4 e6 3. Nf3 b6 4. g3 Ba6 5. b3 Bb4+ 6. Bd2 Be7 7. Bg2 O-O 8. O-O d5 9. Bc3 Ne4 10. Bb2 c6 11. Nbd2 Nxd2 12. Nxd2 f5 13. Rc1 Nd7 14. Nf3 Rc8 15. Re1 Nf6 16. Ne5 Bd6 17. Nd3 Ne4 18. f3 Nxg3 19. c5 Bb8 20. cxb6 axb6 21. Nb4 Bb7 22. hxg3 Bxg3 23. e3 Qh4 24. Nd3 Rf6 25. Nf4 Bf2+ 26. Kf1 Ba6+ 27. Nd3 Bxe1 28. Qxe1 Bxd3+ 29. Kg1 Qxe1+ 30. Rxe1 Ra8 31. a4 Bc2 32. Rc1 Bxb3 33. Rxc6 Bxa4 34. Rxb6 Rg6 35. Kh2 Be8 36. Bh3 Ra2 37. e4 dxe4 38. fxe4 fxe4 39. Bxe6+ Rxe6 40. Rxe6 Rxb2+ 41. Kg3 Rb8 42. d5 Bf7 43. Re5 Rd8 44. Rxe4 Rxd5 45. Rb4 g6 46. Kg4 Kg7 47. Rb7 Rf5 48. Re7 h5+ 49. Kg3 Kh6 50. Rb7 g5 51. Rb8 h4+ 52. Kg2 Bd5+ 53. Kh2 Kh5 54. Rb6 Kg4 55. Kg1 h3 56. Rb4+ Rf4 57. Rb2 Bf3 58. Kh2 Kh4 59. Rb8 Bh5 60. Rh8 Rf2+ 61. Kg1 Kg3 62. Rxh5 h2+ 63. Kh1 Rf1# 0-1


[Site "https://www.chess.com"]

[Event "Titled Tuesday Blitz March 08 Early 2022"]
[White "Ferguson, Randal"]
[Black "Rottenwohrer Suarez, Juan"]
[WhiteFideId "30903106"]
[BlackFideId "32068182"]
[WhiteElo "2162"]
[BlackElo "2158"]
[Result "0-1"]
[Round "01"]
[TimeControl "180+1"]
[Date "2022.03.09"]
[WhiteClock "0:00:01"]
[BlackClock "0:00:15"]

1. e4 c5 2. Nc3 g6 3. d4 cxd4 4. Qxd4 Nf6 5. Bb5 a6 6. Qa4 Nc6 7. Nf3 Bg7 8. e5 Ng8 9. Bf4 Nh6 10. O-O O-O 11. Rad1 Nf5 12. Rfe1 Ra7 13. Bd3 b5 14. Qe4 b4 15. Nd5 a5 16. g4 Nh6 17. h3 f5 18. exf6 exf6 19. Bd6 f5 20. Qe3 Rf7 21. Qe8+ Bf8 22. Ne7+ Kg7 23. Qxd8 Nxd8 24. Ng5 Bb7 25. Be5+ Rf6 26. Nxh7 Bxe7 27. g5 Kxh7 28. gxf6 Bf8 0-1


[Site "https://www.chess.com"]

[Event "Titled Tuesday Blitz March 08 Early 2022"]
[White "Fier, Alexandr"]
[Black "Shubenkova, Veronika"]
[WhiteFideId "2107139"]
[BlackFideId "44124040"]
[WhiteElo "2571"]
[BlackElo "1938"]
[Result "1-0"]
[Round "01"]
[TimeControl "180+1"]
[Date "2022.03.09"]
[WhiteClock "0:02:26"]
[BlackClock "0:02:25"]

1. b3 d5 2. Bb2 e6 3. f4 Nf6 4. Nf3 c5 5. e3 Nc6 6. Be2 b6 7. O-O Bb7 8. d3 Be7 9. Qe1 O-O 10. Nbd2 Rc8 11. Ne5 a6 12. Qg3 Nb4 13. Bd1 d4 14. e4 b5 15. Ndf3 Nh5 16. Qg4 Nf6 17. Qh3 Qb6 18. Ng5 c4 19. Nd7 1-0


[Site "https://www.chess.com"]

[Event "Titled Tuesday Blitz March 08 Early 2022"]
[White "Flis, Pawel"]
[Black "Adewumi, Tanitoluwa"]
[WhiteFideId "1112864"]
[BlackFideId "30966396"]
[WhiteElo "1735"]
[BlackElo "2537"]
[Result "0-1"]
[Round "01"]
[TimeControl "180+1"]
[Date "2022.03.09"]
[WhiteClock "0:00:05"]
[BlackClock "0:00:37"]

1. e4 e5 2. d4 exd4 3. Nf3 Nc6 4. Bc4 Nf6 5. O-O Nxe4 6. Re1 d5 7. Bxd5 Qxd5 8. Nc3 Qh5 9. Nxe4 Be6 10. Neg5 O-O-O 11. Nxe6 fxe6 12. Rxe6 Qf5 13. Qe2 h6 14. Qe4 Qxe4 15. Rxe4 Bc5 16. Bf4 Nb4 17. c3 dxc3 18. bxc3 Nd5 19. Be5 Rhe8 20. Rae1 g5 21. Bd4 Rxe4 22. Rxe4 Bxd4 23. cxd4 Rd6 24. h3 Ra6 25. Re2 Nc3 26. Re8+ Kd7 27. Rh8 Nxa2 28. Ne5+ Ke7 29. Rh7+ Kd6 30. Rxh6+ Kd5 31. Rxa6 bxa6 32. Nf3 Nc3 33. Nxg5 a5 34. Nf3 a4 35. h4 a3 36. Nd2 Ne2+ 37. Kf1 Nxd4 38. g4 a2 39. Nb3 Nxb3 40. h5 a1=Q+ 41. Kg2 Nd4 42. g5 Qd1 43. h6 Qf3+ 44. Kg1 Ne2+ 45. Kh2 Qxf2+ 46. Kh3 Qg3# 0-1


[Site "https://www.chess.com"]

[Event "Titled Tuesday Blitz March 08 Early 2022"]
[White "Gabrielian, Artur"]
[Black "Bettalli, Francesco"]
[WhiteFideId "4131002"]
[BlackFideId "2816453"]
[WhiteElo "2440"]
[BlackElo "2216"]
[Result "1-0"]
[Round "01"]
[TimeControl "180+1"]
[Date "2022.03.09"]
[WhiteClock "0:02:11"]
[BlackClock "0:00:16"]

1. e4 e5 2. Nc3 Bc5 3. g3 d6 4. Bg2 a6 5. Nge2 h5 6. h3 Ne7 7. d4 exd4 8. Nxd4 Nbc6 9. Be3 O-O 10. Nxc6 Nxc6 11. Bxc5 dxc5 12. Qxh5 Nd4 13. O-O-O b6 14. e5 Rb8 15. Be4 g6 16. Qh6 Qe7 17. f4 Be6 18. h4 c6 19. h5 Nf5 20. Bxf5 Bxf5 21. hxg6 fxg6 22. Qh8+ Kf7 23. Rh7+ Ke6 24. Rxe7+ Kxe7 25. Qh4+ 1-0


[Site "https://www.chess.com"]

[Event "Titled Tuesday Blitz March 08 Early 2022"]
[White "Gaehwiler, Gabriel"]
[Black "Garv Gaur"]
[WhiteFideId "1314530"]
[BlackFideId "45030839"]
[WhiteElo "2383"]
[BlackElo "1950"]
[Result "0-1"]
[Round "01"]
[TimeControl "180+1"]
[Date "2022.03.09"]
[WhiteClock "0:00:10"]
[BlackClock "0:00:07"]

1. Nf3 d5 2. e3 Nf6 3. c4 e6 4. Nc3 Be7 5. d4 O-O 6. Bd3 b6 7. O-O Bb7 8. cxd5 exd5 9. Ne5 c5 10. f4 Ne4 11. Bd2 Nd7 12. Rc1 f5 13. dxc5 Ndxc5 14. Bc2 d4 15. Bb3+ Kh8 16. Nxe4 Nxe4 17. Qh5 Rf6 18. Rfd1 Bc5 19. Be1 Bd5 20. Bxd5 Qxd5 21. b4 Bf8 22. Rxd4 Qxa2 23. Rcd1 Qb3 24. Rd8 Qxe3+ 25. Kf1 Qxf4+ 26. Qf3 Rxd8 27. Qxf4 Rxd1 28. Ke2 Rd4 29. Qe3 Rd5 30. Nd3 Bd6 31. g4 Re6 32. Qg1 Nc5+ 33. Kd1 Nxd3 34. Bd2 Bxb4 35. gxf5 Re8 36. f6 gxf6 37. Qg2 Rd6 38. Qg3 Ne5 39. Kc2 Rxd2+ 40. Kb3 Be7 41. Ka4 Red8 42. Kb5 R2d5+ 43. Ka6 Ra5+ 44. Kb7 Rd7+ 45. Kc8 Rc5+ 46. Kb8 Bd6+ 47. Ka8 Rc8# 0-1


[Site "https://www.chess.com"]

[Event "Titled Tuesday Blitz March 08 Early 2022"]
[White "Garagulya, Konstantin"]
[Black "Oparin, Grigoriy"]
[WhiteFideId "4128931"]
[BlackFideId "24125890"]
[WhiteElo "2329"]
[BlackElo "2665"]
[Result "0-1"]
[Round "01"]
[TimeControl "180+1"]
[Date "2022.03.08"]
[WhiteClock "0:00:04"]
[BlackClock "0:02:17"]

1. d4 Nf6 2. Nf3 c5 3. e3 g6 4. Bd3 Bg7 5. O-O b6 6. b3 Bb7 7. Bb2 O-O 8. Nbd2 cxd4 9. exd4 d5 10. Ne5 Nc6 11. Re1 Nb4 12. Bf1 Rc8 13. c3 Nc6 14. Rc1 Qc7 15. Bd3 Rfe8 16. Qe2 e6 17. h3 Ne7 18. Ba3 Nf5 19. g4 Nd6 20. f3 Nd7 21. Nf1 f6 22. Nxd7 Qxd7 23. Qf2 e5 24. dxe5 fxe5 25. Ng3 e4 26. Bxd6 exd3 27. Rxe8+ Qxe8 28. Qd2 d4 29. Qxd3 dxc3 30. Ne4 Rd8 31. Rd1 Qe6 32. Qc4 Qxc4 33. bxc4 c2 34. Rc1 Bxe4 0-1


[Site "https://www.chess.com"]

[Event "Titled Tuesday Blitz March 08 Early 2022"]
[White "Gatterer, Florian"]
[Black "Ruperez Benito, Antonio"]
[WhiteFideId "811688"]
[BlackFideId "22245049"]
[WhiteElo "2218"]
[BlackElo "2249"]
[Result "0-1"]
[Round "01"]
[TimeControl "180+1"]
[Date "2022.03.09"]
[WhiteClock "0:00:06"]
[BlackClock "0:00:52"]

1. b3 e5 2. Bb2 Nc6 3. e3 d5 4. Bb5 Bd6 5. f4 Qh4+ 6. g3 Qe7 7. fxe5 Bxe5 8. Nc3 Nf6 9. Nf3 Bd6 10. O-O O-O 11. Ne2 Bh3 12. Re1 Bg4 13. Rf1 Ne5 14. Nxe5 Bxe5 15. Bxe5 Qxe5 16. Qe1 c6 17. Bd3 Bh3 18. Rf4 g5 19. Rf3 Ne4 20. Nd4 c5 21. Ne2 f5 22. Nc3 Rae8 23. Nxd5 Kg7 24. Nc3 a6 25. Bxe4 fxe4 26. Rxf8 Rxf8 27. Qe2 Qf5 28. Re1 Bg4 29. Qf1 Qd7 0-1


[Site "https://www.chess.com"]

[Event "Titled Tuesday Blitz March 08 Early 2022"]
[White "Gheorghiu, Calin"]
[Black "Timofeev, Artyom"]
[WhiteFideId "1200305"]
[BlackFideId "4140419"]
[WhiteElo "2168"]
[BlackElo "2594"]
[Result "0-1"]
[Round "01"]
[TimeControl "180+1"]
[Date "2022.03.08"]
[WhiteClock "0:00:12"]
[BlackClock "0:00:14"]

1. Nf3 c5 2. g3 Nc6 3. Bg2 e5 4. d3 Nf6 5. c4 d5 6. cxd5 Nxd5 7. Nc3 Nc7 8. O-O Be7 9. Be3 O-O 10. Rc1 Be6 11. Na4 b6 12. Nd2 Nd5 13. Nc3 Nxe3 14. fxe3 Rc8 15. Nde4 f5 16. Nf2 Bg5 17. Qd2 Kh8 18. Nfd1 e4 19. Nf2 Nb4 20. Rcd1 Nxa2 21. Nxa2 Bxa2 22. Ra1 Bg8 23. Rxa7 Bh6 24. Nh3 Qd6 25. Nf4 c4 26. d4 Ra8 27. Rfa1 Rxa7 28. Rxa7 Rc8 29. Bh3 Rf8 30. Qc3 Qf6 31. Rb7 Rd8 32. Qb4 Bxf4 33. gxf4 Qh4 34. Bg2 Ra8 35. Qe7 Ra1+ 36. Bf1 Qxe7 37. Rxe7 Rb1 38. Kf2 Rxb2 39. Bh3 g6 40. Rc7 b5 41. Rc8 Kg7 42. Bg2 Rc2 43. Rc7+ Kf6 44. Rc6+ Ke7 45. Rc8 Be6 46. Rc7+ Kd6 47. Rxh7 b4 48. d5 Bxd5 49. Rg7 b3 50. Rxg6+ Kc5 51. Bh3 b2 52. Bxf5 b1=Q 53. Rg7 Qb2 54. Rc7+ Kb6 0-1


[Site "https://www.chess.com"]

[Event "Titled Tuesday Blitz March 08 Early 2022"]
[White "Goltsev, Dmitry"]
[Black "Goldin, Roman"]
[WhiteFideId "24176710"]
[BlackFideId "2803860"]
[WhiteElo "2273"]
[BlackElo "2312"]
[Result "1-0"]
[Round "01"]
[TimeControl "180+1"]
[Date "2022.03.09"]
[WhiteClock "0:00:09"]
[BlackClock "0:00:05"]

1. e4 Nc6 2. Nf3 e5 3. Nc3 g6 4. d4 exd4 5. Nxd4 Bg7 6. Be3 Nf6 7. Be2 O-O 8. O-O Re8 9. Nxc6 bxc6 10. Bf3 d6 11. e5 Rxe5 12. Bxc6 Rb8 13. Bxa7 Rxb2 14. Bd4 Re6 15. Nb5 Rb4 16. c3 Rc4 17. Bf3 Ba6 18. a4 c5 19. Bxf6 Rxf6 20. Bd5 Rcf4 21. f3 h5 22. Re1 h4 23. Bc6 Qb6 24. Re8+ Kh7 25. Bd5 Bxb5 26. axb5 Qxb5 27. Raa8 R4f5 28. c4 Qb2 29. Qe1 h3 30. Re2 Qd4+ 31. Kh1 hxg2+ 32. Rxg2 Re5 33. Be4 Qxc4 34. Qh4+ Bh6 35. Qxf6 Rxe4 36. Rh8# 1-0


[Site "https://www.chess.com"]

[Event "Titled Tuesday Blitz March 08 Early 2022"]
[White "Guliev, Logman"]
[Black "Kamsky, Gata"]
[WhiteFideId "13400061"]
[BlackFideId "2000024"]
[WhiteElo "2128"]
[BlackElo "2645"]
[Result "1-0"]
[Round "01"]
[TimeControl "180+1"]
[Date "2022.03.08"]
[WhiteClock "0:00:17"]
[BlackClock "0:00:01"]

1. e4 c6 2. d4 d5 3. exd5 cxd5 4. c4 Nf6 5. Nc3 g6 6. Qb3 Bg7 7. cxd5 O-O 8. Be2 Nbd7 9. Bf3 Nb6 10. Nge2 Bf5 11. O-O Bd3 12. d6 exd6 13. Bxb7 Rb8 14. Bf3 Re8 15. Qd1 Ba6 16. Re1 h6 17. b3 g5 18. h3 Bb7 19. Bxb7 Rxb7 20. Ng3 Rxe1+ 21. Qxe1 Re7 22. Qd1 Qc8 23. Bb2 Nfd5 24. Nxd5 Nxd5 25. Qf3 Nf4 26. Rc1 Rc7 27. Rxc7 Qxc7 28. Qa8+ Kh7 29. Qe4+ Kg8 30. Nf5 d5 31. Qe8+ Kh7 32. Ne7 h5 33. Qg8+ Kh6 34. Qxf7 Kh7 35. Qg8+ Kh6 36. Nf5+ Kg6 37. Nxg7 Qxg7 38. Qe8+ Qf7 39. Qe3 Qf5 40. Qe8+ Qf7 41. Qxf7+ 1-0


[Site "https://www.chess.com"]

[Event "Titled Tuesday Blitz March 08 Early 2022"]
[White "Hambleton, Aman"]
[Black "Tarasova, Viktoriya"]
[WhiteFideId "2606577"]
[BlackFideId "4175840"]
[WhiteElo "2552"]
[BlackElo "2182"]
[Result "1-0"]
[Round "01"]
[TimeControl "180+1"]
[Date "2022.03.09"]
[WhiteClock "0:00:03"]
[BlackClock "0:00:19"]

1. d4 Nf6 2. c4 e6 3. Nc3 Bb4 4. e3 O-O 5. Ne2 d5 6. a3 Bd6 7. c5 Be7 8. b4 b6 9. Nf4 a5 10. Rb1 axb4 11. axb4 c6 12. Bd2 Ba6 13. Bxa6 Nxa6 14. O-O bxc5 15. bxc5 Nc7 16. Rb6 Qd7 17. Nd3 Qe8 18. Nb4 Rb8 19. Rxb8 Qxb8 20. Nxc6 Qe8 21. Qa4 Ne4 22. Nxe7+ Qxe7 23. Qc2 f5 24. Be1 Rf6 25. f3 Nxc3 26. Qxc3 Rg6 27. Bg3 h5 28. Rb1 h4 29. Bf4 Ne8 30. c6 h3 31. g3 e5 32. Bxe5 f4 33. exf4 Nc7 34. Rb7 1-0


[Site "https://www.chess.com"]

[Event "Titled Tuesday Blitz March 08 Early 2022"]
[White "Hartikainen, Jarmo"]
[Black "Volkov, Maksim"]
[WhiteFideId "503134"]
[BlackFideId "54123070"]
[WhiteElo "2105"]
[BlackElo "2081"]
[Result "0-1"]
[Round "01"]
[TimeControl "180+1"]
[Date "2022.03.09"]
[WhiteClock "0:00:08"]
[BlackClock "0:00:23"]

1. e4 c5 2. Nf3 d6 3. d4 cxd4 4. Nxd4 Nf6 5. Nc3 a6 6. Bg5 e6 7. f4 Be7 8. Qf3 Qc7 9. O-O-O Nbd7 10. Bd3 b5 11. Rhe1 Bb7 12. a3 h6 13. Bh4 Nc5 14. Kb1 g5 15. fxg5 Nfd7 16. Bg3 hxg5 17. Rf1 Bf6 18. Nde2 Bc6 19. Qe3 O-O-O 20. Nd4 Rh6 21. Nxc6 Qxc6 22. h4 Bxc3 23. hxg5 Bxb2 24. Kxb2 Na4+ 25. Kc1 Rg6 26. Qd2 Ndc5 27. Qb4 Rxg5 28. Bh4 Rxg2 29. Bxd8 Nxd3+ 30. Rxd3 Qxc2# 0-1


[Site "https://www.chess.com"]

[Event "Titled Tuesday Blitz March 08 Early 2022"]
[White "Havanecz, Bianka"]
[Black "Oganian, Miran"]
[WhiteFideId "704814"]
[BlackFideId "4122488"]
[WhiteElo "2383"]
[BlackElo "2357"]
[Result "0-1"]
[Round "01"]
[TimeControl "180+1"]
[Date "2022.03.09"]
[WhiteClock "0:00:08"]
[BlackClock "0:01:30"]

1. d4 e6 2. c4 d5 3. Nf3 a6 4. cxd5 exd5 5. Nc3 Nf6 6. Bg5 c6 7. e3 Be7 8. Be2 Nbd7 9. O-O O-O 10. Rb1 a5 11. Qc2 Re8 12. a3 Nf8 13. b4 axb4 14. axb4 Ng6 15. b5 Bd6 16. bxc6 bxc6 17. Na4 h6 18. Bxf6 Qxf6 19. Nb6 Bf5 20. Qd2 Bxb1 21. Nxa8 Rb8 22. Qa5 Be4 23. Ra1 Bxf3 24. Bxf3 Nh4 25. Be2 Rb2 26. Re1 Bb4 27. Qb6 Bxe1 28. Qxb2 Qxf2+ 29. Kh1 Qxg2# 0-1


[Site "https://www.chess.com"]

[Event "Titled Tuesday Blitz March 08 Early 2022"]
[White "Havas, Ladislav"]
[Black "Maevsky, Nikolay"]
[WhiteFideId "14501090"]
[BlackFideId "4198220"]
[WhiteElo "2206"]
[BlackElo "2126"]
[Result "0-1"]
[Round "01"]
[TimeControl "180+1"]
[Date "2022.03.09"]
[WhiteClock "0:01:35"]
[BlackClock "0:01:16"]

1. d4 d5 2. Bf4 Nf6 3. e3 c5 4. c3 Nc6 5. Nd2 Bf5 6. Qb3 Qd7 7. Ngf3 c4 8. Qa4 a6 9. h3 b5 10. Qd1 e6 11. Be2 b4 12. O-O bxc3 13. bxc3 Ba3 14. Nh4 Bb2 15. Nxf5 exf5 16. Rb1 Bxc3 17. Nf3 O-O 18. Qc2 Ne4 19. Qa4 Rfc8 20. Rfd1 Qe8 21. Rb6 a5 22. Rdb1 Bb4 23. Qc2 Qd8 24. Rb7 h6 25. h4 Bd6 26. Bxd6 Qxd6 27. Qa4 Nc3 28. Qc2 Nxb1 29. Rxb1 Qd7 30. a3 Rab8 31. Rc1 Rb3 32. Qa2 Rcb8 33. Rc2 Qd6 34. g3 Rxa3 0-1


[Site "https://www.chess.com"]

[Event "Titled Tuesday Blitz March 08 Early 2022"]
[White "Hernandez Jimenez, Alexander Andres"]
[Black "Arabidze, Meri"]
[WhiteFideId "3900452"]
[BlackFideId "13604040"]
[WhiteElo "2082"]
[BlackElo "2335"]
[Result "1-0"]
[Round "01"]
[TimeControl "180+1"]
[Date "2022.03.09"]
[WhiteClock "0:00:26"]
[BlackClock "0:00:01"]

1. e4 c5 2. Nf3 e6 3. d4 cxd4 4. Nxd4 Nc6 5. c4 b6 6. Nc3 Bb7 7. Be3 Nf6 8. Be2 Bc5 9. Nc2 d6 10. O-O O-O 11. Qd2 Ne5 12. f3 a6 13. b3 Qc7 14. Rfd1 Rfd8 15. Bf1 h6 16. Qf2 Rac8 17. Rac1 Qb8 18. a4 Qa8 19. h3 d5 20. exd5 exd5 21. Nxd5 Nxd5 22. cxd5 Bxd5 23. Bxc5 Rxc5 24. Nd4 a5 25. Bb5 Rdc8 26. Rxc5 Rxc5 27. Re1 f6 28. f4 Ng6 29. Ne6 Rc3 30. Nc7 Rxc7 31. Re8+ Qxe8 32. Bxe8 Ne7 33. Bb5 Rc1+ 34. Kh2 Rc5 35. Bc4 Bxc4 36. bxc4 Nf5 37. Qb2 Kh7 38. Qxb6 Rxc4 39. Qb1 Rxf4 40. g4 Rxa4 41. Qxf5+ Kg8 42. Qc8+ Kh7 43. Qc2+ 1-0


[Site "https://www.chess.com"]

[Event "Titled Tuesday Blitz March 08 Early 2022"]
[White "Hess, Max"]
[Black "Seo, Jung Min"]
[WhiteFideId "24656666"]
[BlackFideId "1734687"]
[WhiteElo "2276"]
[BlackElo "2401"]
[Result "1-0"]
[Round "01"]
[TimeControl "180+1"]
[Date "2022.03.09"]
[WhiteClock "0:00:03"]
[BlackClock "0:00:09"]

1. d4 Nf6 2. Nf3 c5 3. d5 b5 4. c3 Bb7 5. e4 Nxe4 6. Bxb5 Qb6 7. c4 Nd6 8. Nc3 Nxb5 9. cxb5 d6 10. O-O Nd7 11. a4 g6 12. Re1 Bg7 13. Bg5 Nf6 14. Nd2 Qd8 15. Qe2 h6 16. Bh4 Qd7 17. Nc4 Kf8 18. a5 g5 19. Bg3 Bxd5 20. Nxd5 Nxd5 21. Rad1 Nf4 22. Bxf4 gxf4 23. Qe4 Rb8 24. b6 axb6 25. Nxb6 Qd8 26. Qxf4 Kg8 27. Nd5 e6 28. Nb6 d5 29. b3 h5 30. Rc1 Rxb6 31. axb6 Qxb6 32. Qe3 Bd4 33. Qd3 Rh6 34. Rc2 Rg6 35. g3 h4 36. Kg2 hxg3 37. hxg3 Qb7 38. Rh1 Kg7 39. Qf3 Bf6 40. Qh5 d4+ 41. f3 Kf8 42. Re2 Qd5 43. Qxd5 exd5 44. Rh5 Bg5 45. f4 Bxf4 46. Kf3 Bxg3 47. Rxd5 Bd6 48. Ke4 Re6+ 49. Kd3 Rg6 50. Kc4 Kg7 51. Re8 Rf6 52. Rd8 Be7 53. Re8 Bd6 54. Rd8 Bf8 55. Rg5+ Kh6 56. Rg3 Bg7 57. Kxc5 Rf5+ 58. Kc4 Bf6 59. Rd6 Kh5 60. Rg2 Rf3 61. Rd5+ Kh4 62. b4 Rc3+ 63. Kb5 d3 64. Rf2 Bg5 65. Rxf7 d2 66. Rh7+ Kg4 67. Rg7 Rc1 68. Rgxg5+ Kf4 69. Rxd2 Kxg5 70. Kb6 Kf6 71. b5 Ke5 72. Kb7 Ke6 73. b6 Ke7 74. Kb8 Rc3 75. b7 Rc1 76. Rd4 Rc4 77. Rxc4 1-0


[Site "https://www.chess.com"]

[Event "Titled Tuesday Blitz March 08 Early 2022"]
[White "Horak, Martin"]
[Black "Izoria, Zviad"]
[WhiteFideId "367095"]
[BlackFideId "13601733"]
[WhiteElo "1997"]
[BlackElo "2626"]
[Result "0-1"]
[Round "01"]
[TimeControl "180+1"]
[Date "2022.03.09"]
[WhiteClock "0:00:06"]
[BlackClock "0:00:29"]

1. d4 d6 2. e4 g6 3. Nc3 Bg7 4. Nf3 Nf6 5. Be3 O-O 6. Qd2 Nc6 7. O-O-O Bg4 8. Bh6 e5 9. dxe5 dxe5 10. Qg5 Qe7 11. h4 Nd4 12. Nxd4 Bxh6 13. Qxh6 Bxd1 14. Nf3 Bxf3 15. gxf3 Nh5 16. Nd5 Qd8 17. Rg1 Kh8 18. Rg5 f6 19. Rxg6 Qe8 20. Rg7 Nxg7 0-1


[Site "https://www.chess.com"]

[Event "Titled Tuesday Blitz March 08 Early 2022"]
[White "Horobetz, Graham"]
[Black "Sahil, Tickoo"]
[WhiteFideId "2047322"]
[BlackFideId "5019710"]
[WhiteElo "2640"]
[BlackElo "2099"]
[Result "1-0"]
[Round "01"]
[TimeControl "180+1"]
[Date "2022.03.09"]
[WhiteClock "0:00:35"]
[BlackClock "0:00:33"]

1. e4 c5 2. Nf3 d6 3. d4 cxd4 4. Nxd4 Nf6 5. Nc3 a6 6. Be3 e5 7. Nb3 Be7 8. f3 Be6 9. Qd2 O-O 10. O-O-O a5 11. a4 Na6 12. Kb1 Nb4 13. g4 Rc8 14. g5 Nd7 15. h4 Nb6 16. Bb5 Nc4 17. Bxc4 Rxc4 18. Rc1 Qc7 19. Nb5 Qb8 20. Nxa5 Rfc8 21. Nxc4 Rxc4 22. b3 Qc8 23. Rhd1 g6 24. Nxd6 Bxd6 25. Qxd6 Kg7 26. Qxe5+ Kg8 27. Bd4 1-0


[Site "https://www.chess.com"]

[Event "Titled Tuesday Blitz March 08 Early 2022"]
[White "Hryshchenko, Kamila"]
[Black "Corrales Jimenez, Fidel"]
[WhiteFideId "14147491"]
[BlackFideId "3506690"]
[WhiteElo "1929"]
[BlackElo "2541"]
[Result "1-0"]
[Round "01"]
[TimeControl "180+1"]
[Date "2022.03.08"]
[WhiteClock "0:00:26"]
[BlackClock "0:01:20"]

1. e4 c5 2. Nf3 d6 3. d4 cxd4 4. Nxd4 Nf6 5. Nc3 a6 6. Be2 e5 7. Nb3 Be7 8. O-O O-O 9. h3 Be6 10. Be3 Nbd7 11. a4 Rc8 12. Qd3 Qc7 13. Rac1 Bc4 14. Qd2 Be6 15. Kh1 h6 16. f4 exf4 17. Bxf4 Ne5 18. Rce1 Bxb3 19. cxb3 Rfe8 20. Bxe5 dxe5 21. Bc4 Bb4 22. Rxf6 Bxc3 23. bxc3 gxf6 24. Qxh6 f5 25. exf5 Qc5 26. Re3 Qxe3 27. Qxe3 Kf8 28. f6 Rxc4 29. Qh6+ Kg8 30. Qg7# 1-0


[Site "https://www.chess.com"]

[Event "Titled Tuesday Blitz March 08 Early 2022"]
[White "Ianov, Viktor"]
[Black "Dovbnia, Nikita"]
[WhiteFideId "14102730"]
[BlackFideId "54104599"]
[WhiteElo "2161"]
[BlackElo "2111"]
[Result "1-0"]
[Round "01"]
[TimeControl "180+1"]
[Date "2022.03.09"]
[WhiteClock "0:00:57"]
[BlackClock "0:00:13"]

1. Nf3 Nf6 2. g3 g6 3. b3 Bg7 4. Bb2 O-O 5. Bg2 c5 6. c4 Nc6 7. d4 cxd4 8. Nxd4 Qc7 9. O-O b6 10. Nc3 Bb7 11. Ndb5 Qc8 12. Rc1 d6 13. h3 a6 14. Na3 Qc7 15. Qd2 Rac8 16. Nd5 Qd8 17. Bxf6 exf6 18. Rfd1 f5 19. Nc2 b5 20. Nce3 bxc4 21. Nxc4 Ne5 22. Nf6+ Qxf6 23. Bxb7 Rcd8 24. Bxa6 Nxc4 25. Bxc4 g5 26. Bd5 f4 27. g4 h5 28. Kg2 Qe5 29. Rc7 Rde8 30. Bf3 hxg4 31. hxg4 f5 32. Qd5+ Qxd5 33. Rxd5 fxg4 34. Bxg4 Be5 35. b4 Ra8 36. Rd2 Rfb8 37. Rc4 Ra4 38. b5 Ra5 39. Bd7 Kf7 40. Bc6 Ke6 41. f3 Kf5 42. Rdc2 Ke6 43. Rd2 Kf6 44. Rc1 Rc8 45. Rh1 Rb8 46. Rh6+ Kg7 47. Rh2 Kf6 48. Rc2 Rc8 49. Rh6+ Kf7 50. Bd5+ Kg7 51. Rxc8 Kxh6 52. Bc4 Ra6 53. bxa6 1-0


[Site "https://www.chess.com"]

[Event "Titled Tuesday Blitz March 08 Early 2022"]
[White "Ibraev, Vasilij"]
[Black "Proudian, Armen"]
[WhiteFideId "4175190"]
[BlackFideId "2130734"]
[WhiteElo "2121"]
[BlackElo "2380"]
[Result "0-1"]
[Round "01"]
[TimeControl "180+1"]
[Date "2022.03.09"]
[WhiteClock "0:01:17"]
[BlackClock "0:01:49"]

1. d4 Nf6 2. Nf3 e6 3. g3 b5 4. Bg2 Bb7 5. O-O d5 6. Ne5 c6 7. a4 b4 8. c4 Nbd7 9. Nxd7 Qxd7 10. Bg5 dxc4 11. Bxf6 gxf6 12. e3 c5 13. Qc2 Bxg2 14. Kxg2 Qd5+ 15. Kg1 cxd4 16. exd4 f5 17. Nd2 Rc8 18. Rac1 Bh6 19. Rcd1 c3 20. bxc3 Rxc3 21. Qb2 a5 22. Nb1 Rc4 23. Rfe1 O-O 24. Qe2 Rxd4 25. Rxd4 Qxd4 26. Rd1 Qe4 0-1


[Site "https://www.chess.com"]

[Event "Titled Tuesday Blitz March 08 Early 2022"]
[White "Ismayil, Malak"]
[Black "Shahaliyev, Ismayil"]
[WhiteFideId "13412604"]
[BlackFideId "13406388"]
[WhiteElo "1879"]
[BlackElo "2105"]
[Result "0-1"]
[Round "01"]
[TimeControl "180+1"]
[Date "2022.03.09"]
[WhiteClock "0:00:21"]
[BlackClock "0:00:41"]

1. e4 c6 2. d4 d5 3. exd5 cxd5 4. Bd3 Nf6 5. c3 g6 6. h3 Nc6 7. Nf3 Bf5 8. Bb5 Bg7 9. O-O O-O 10. Re1 Ne4 11. Nbd2 Nd6 12. Bxc6 bxc6 13. Qe2 Re8 14. Nb3 Nc4 15. Bf4 Qb6 16. Ne5 Nxe5 17. dxe5 c5 18. Rad1 Be6 19. Be3 Rec8 20. f4 a5 21. Qf2 d4 22. cxd4 cxd4 23. Nxd4 Bxa2 24. Rc1 Qb7 25. Rxc8+ Rxc8 26. Qd2 a4 27. Nf3 Bd5 28. Nd4 e6 29. g4 Bf8 30. Ne2 Bb4 31. Nc3 a3 32. Rc1 axb2 33. Qxb2 Bxc3 34. Qe2 Qb4 0-1


[Site "https://www.chess.com"]